 Dungeon Crawl Stone Soup version 0.30-a0-4-ga7cffc901d (webtiles) character file.

Game seed: 16312208948235892785

1836 Descartes the Shield-Bearer (level 9, 0/68 HPs)
             Began as a Formicid Fighter on Aug 21, 2022.
             Slain by an orc
             ... wielding a +2 dagger of electrocution
              (20 damage)
             ... on level 6 of the Dungeon.
             The game lasted 00:11:18 (6790 turns).

Descartes the Shield-Bearer (Formicid Fighter)      Turns: 6790, Time: 00:11:18

Health: 0/68       AC: 14    Str: 29    XL:     9   Next: 33%
Magic:  9/9        EV:  7    Int: 16    God:
Gold:   336        SH:  5    Dex: 13    Spells: 8/8 levels left

rFire   . . .      SeeInvis +    h - +1 whip (venom)
rCold   . . .      Faith    .    c - +0 buckler
rNeg    . . .      Spirit   .    E - +0 plate armour
rPois   .          Reflect  .    (helmet unavailable)
rElec   .          Harm     .    n - +0 cloak
rCorr   .          Rampage  .    j - +0 pair of gloves
Will    .....                    (no boots)
Stlth   ..........               (no amulet)
HPRegen 0.21/turn                C - +6 ring of intelligence
MPRegen 0.11/turn                G - +6 ring of strength

@: no status effects
A: permanent stasis, dig shafts and tunnels, antennae 3, four strong arms
a: Dig, Shaft Self


You were on level 6 of the Dungeon.
You visited 2 branches of the dungeon, and saw 7 of its levels.

You collected 336 gold pieces.

Inventory:

Hand Weapons
 a - a +0 war axe
 f - a +0 flail of protection
 h - a +1 whip of venom (weapon)
 u - a +0 flail of venom
 H - a +2 mace of draining
Missiles
 w - 2 javelins
 x - 32 stones
Armour
 c - a +0 buckler (worn)
 j - a +0 pair of gloves (worn)
 n - a +0 cloak (worn)
 z - a +0 leather armour of fire resistance
 E - a +0 plate armour (worn)
Jewellery
 C - a +6 ring of intelligence (left hand)
 G - a +6 ring of strength (right hand)
 I - a ring of wizardry
Wands
 q - a wand of digging (5)
 A - a wand of flame (22)
Scrolls
 e - a scroll of silence {unknown}
 k - a scroll of amnesia {unknown}
 m - 6 scrolls of identify {unknown}
 o - a scroll of butterflies {unknown}
 p - a scroll of teleportation {unknown}
 r - a scroll of enchant armour {unknown}
 s - a scroll of summoning {unknown}
 v - a scroll of noise {unknown}
 y - 2 scrolls of blinking {unknown}
 D - a scroll of vulnerability {unknown}
 J - 3 scrolls of poison {unknown}
Potions
 b - 3 potions of cancellation {unknown}
 d - a potion of might
 g - a potion of ambrosia {unknown}
 i - 3 potions of heal wounds
 l - 2 potions of magic {unknown}
 t - a potion of attraction {unknown}
 B - a potion of haste {unknown}
 F - 2 potions of curing


   Skills:
 - Level 5.0 Fighting
 + Level 4.4(5.8) Axes
 + Level 3.8(4.8) Maces & Flails
 + Level 3.9(4.9) Polearms
 + Level 5.4 Armour
 + Level 6.8 Shields
 + Level 3.4 Translocations
 + Level 4.4 Evocations


You had 8 spell levels left.
You didn't know any spells.
Your spell library contained the following spells:

 Spells                   Type           Power      Damage    Failure   Level
 Beastly Appendage        Tmut           0%         N/A       96%         1
 Magic Dart               Conj           0%         1d3       96%         1
 Searing Ray              Conj           0%         2d4       99%         2
 Wereblood                Tmut           0%         N/A       99%         2
 Spider Form              Tmut/Pois      0%         N/A       100%        3
 Fulminant Prism          Conj/Hex       0%         3d6       100%        4


Dungeon Overview and Level Annotations

Branches:
Dungeon (6/15)             Temple (1/1) D:4

Altars:
Ashenzari
Dithmenos
Elyvilon
Fedhas
Hepliaklqana
Kikubaaqudgha
Makhleb
Nemelex Xobeh
Okawaru
Qazlal
Trog
Uskayaw
Vehumet
Wu Jian
Xom
Yredelemnul
The Shining One

Shops:
D:1 ([:=


Innate Abilities, Weirdness & Mutations

You cannot be hasted, slowed, berserked, paralysed or teleported.
You can dig through walls and to a lower floor.
You have a pair of large antennae on your head. (SInv)
Your four strong arms can wield two-handed weapons with a shield.


Message History

You are too injured to fight recklessly!
Unknown command.
You hit the orc priest but do no damage.
The orc priest looks as sick as possible!
The orc priest is heavily wounded.
The orc wizard hits you but does no damage.
The orc priest hits you but does no damage.
The orc hits you but does no damage.
Unknown command.
You barely miss the orc priest.
The orc priest is heavily wounded.
The orc wizard hits you but does no damage.
The orc priest calls down the wrath of Beogh upon you.
You resist with significant effort. The orc hits you but does no damage.
You hit the orc priest.
The orc priest looks as sick as possible!
The orc priest is heavily wounded.
You kill the orc wizard!
Unknown command.
You hit the orc priest.
You kill the orc priest!
The hound bites you but does no damage. The orc hits you but does no damage.
You block the hound's attack.
Unknown command.
You closely miss the hound.
The orc hits you with a +2 dagger of electrocution.
The hound barely misses you.
You barely miss the hound. The hound barely misses you.
The orc hits you but does no damage.
You hit the hound.
The hound is poisoned.
The hound is moderately wounded.
The hound bites you but does no damage. The orc hits you but does no damage.
You are electrocuted!
* * * LOW HITPOINT WARNING * * *
Unknown command.
You closely miss the hound.
The hound is heavily wounded.
The hound barely misses you. The orc hits you but does no damage.
You are electrocuted!!
You die...

...####.####....#....
. +............# ..
####.##........
#...........
#####...........
#...........##..
#.......#.....
#.....######..
#.@...# [ #oh)..#
#....## ....!#
.....## ......#
.......# ........#


You could see a hound (very poisoned) and an orc.

Vanquished Creatures
  An acid dragon (D:5)
  A water moccasin (D:4)
  An ice beast (D:5)
  3 black bears
  A centaur (D:5)
  4 phantoms (D:4)
  Blork the orc (D:3)
  5 scorpions
  A necrophage (D:4)
  2 hounds
  2 jellies (D:5)
  2 orc priests
  An iguana (D:6)
  An orc wizard (D:6)
  Ijyb (D:2)
  Robin (D:4)
  2 gnolls (D:1)
  7 adders
  A white imp (D:5)
  4 ufetubi
  2 worms (D:2)
  2 dart slugs
  5 orcs
  8 bats
  9 endoplasms
  2 giant cockroaches
  6 hobgoblins
  4 jackals
  2 quokkas
  10 ball pythons
  6 frilled lizards
  22 goblins
  8 kobolds
  5 rats
133 creatures vanquished.

Notes
Turn   | Place    | Note
-------+----------+-------------------------------------------
     0 | D:1      | Descartes the Formicid Fighter began the quest for the Orb.
     0 | D:1      | Reached XP level 1. HP: 18/18 MP: 1/1
    51 | D:1      | Reached XP level 2. HP: 23/24 MP: 2/2
   342 | D:1      | Found Odoumoz's Book Shoppe.
   359 | D:1      | Found Iludwu's Weapon Emporium.
   399 | D:1      | Found Walal's Jewellery Emporium.
   433 | D:1      | Reached XP level 3. HP: 29/29 MP: 3/3
   938 | D:1      | Reached skill level 1 in Evocations
  1049 | D:1      | Reached skill level 1 in Polearms
  1085 | D:1      | Found Ituyhodgh's Armour Emporium.
  1330 | D:2      | Reached XP level 4. HP: 35/35 MP: 4/4
  1330 | D:2      | Noticed Ijyb
  1337 | D:2      | Reached skill level 1 in Maces & Flails
  1345 | D:2      | Killed Ijyb
  1636 | D:2      | Reached XP level 5. HP: 34/42 MP: 5/5
  1776 | D:2      | Reached skill level 1 in Translocations
  1902 | D:2      | Found a faded altar of an unknown god.
  3093 | D:4      | Noticed a phantom
  3113 | D:4      | Killed a phantom
  3114 | D:4      | Reached XP level 6. HP: 41/48 MP: 6/6
  3120 | D:4      | Reached skill level 5 in Shields
  3247 | D:4      | Noticed Robin
  3280 | D:4      | Killed Robin
  3347 | D:4      | Noticed Blork the orc
  3350 | D:4      | Noticed a black bear
  3363 | D:3      | Killed Blork the orc
  3364 | D:3      | Reached XP level 7. HP: 26/54 MP: 7/7
  3834 | D:4      | Found a staircase to the Ecumenical Temple.
  3847 | Temple   | Entered the Ecumenical Temple
  4170 | D:4      | Noticed a water moccasin
  4181 | D:4      | Killed a water moccasin
  4194 | D:4      | HP: 2/55 [poisoned by a water moccasin]
  4659 | D:4      | Reached XP level 8. HP: 36/61 MP: 8/8
  5053 | D:4      | Reached skill level 6 in Shields
  5178 | D:5      | Entered Level 5 of the Dungeon
  5428 | D:5      | Reached skill level 5 in Fighting
  5559 | D:5      | Reached skill level 5 in Armour
  5692 | D:5      | Reached XP level 9. HP: 68/68 MP: 9/9
  6137 | D:5      | Found a glowing golden altar of the Shining One.
  6790 | D:6      | Slain by an orc

Illustrated notes

Levels and vault maps discovered:
D:1:      scummos_arrival_checkerplants, layout_basic, serial_shops,
          nicolae_shop_hallway_plus, shop_statue, nicolae_diamond_shop, shop,
          chequers_serial_rivers_marsh
D:2:      kennysheep_the_goblin_king, layout_loops_ring,
          hellmonk_ecumenical_altar_heavens_door,
          chequers_serial_rivers_micro_c, serial_park_tiny_2
D:3:      layout_rooms
D:4:      minmay_bubble_buster, layout_rooms, minmay_temple_entry_butterflies,
          uniq_blork_the_orc, uniq_robin
D:5:      layout_loops_ring, nicolae_tso_carved_into_rock
D:6:      layout_basic, serial_park_tiny_1, kennysheep_generic_room_12,
          uniq_grinder
Temple:   minmay_temple_bridge_d

Skill      XL: |  1  2  3  4  5  6  7  8  9 |
---------------+----------------------------+-----
Evocations     | 1 2 3 4 |  4.4
Polearms       | 1 2 3 |  3.9
Maces & Flails | 1 2 3 |  3.8
Translocations | 1 2 3 |  3.4
Fighting       | 4 5 |  5.0
Axes           | 3 4 |  4.4
Shields        | 5 6 |  6.8
Armour         | 4 5 |  5.4

Action                   |  1- 3 |  4- 6 |  7- 9 || total
-------------------------+-------+-------+-------++-------
Melee: War axe           |    18 |       |       ||    18
       Flail             |     7 |       |       ||     7
       Whip              |    50 |   180 |   257 ||   487
  Use: Potion            |       |     1 |     1 ||     2
Armor: Scale mail        |    10 |       |       ||    10
       Chain mail        |    31 |   114 |    52 ||   197
       Plate armour      |       |       |   110 ||   110
Dodge: Dodged            |    37 |    49 |    69 ||   155
Block: Buckler           |     6 |    35 |    59 ||   100

Table legend: (Time is in decaauts)
 A = Elapsed time spent in this place.
 B = Non-inter-level travel time spent in this place.
 C = Inter-level travel time spent in this place.
 D = Time resting spent in this place.
 E = Time spent auto-exploring this place.
 F = Levels seen in this place.
 G = Mean time per level.
                   A        B        C        D        E       F      G
               +--------+--------+--------+--------+--------+-----+--------+
         Total |   6791 |   6328 |    463 |      0 |   5270 |   7 |  970.1 |
       Dungeon |   6558 |   6103 |    455 |      0 |   5056 |   6 | 1093.0 |
        Temple |    232 |    224 |      8 |      0 |    214 |   1 |  232.0 |
               +--------+--------+--------+--------+--------+-----+--------+

Top non-repeatable levels by time:
     D:4: 1708 daAuts
     D:1: 1602 daAuts
     D:5: 1248 daAuts
     D:2: 1019 daAuts
     D:3: 699 daAuts
     D:6: 280 daAuts
  Temple: 232 daAuts
